 Dungeon Crawl Stone Soup version 0.26.1-11-gd32895ea62 (webtiles) character file.

Game seed: 18106763411298301378

23 nothank2 the Magician (level 2, 0/19 HPs)
             Began as a Mummy Hedge Wizard on July 10, 2021.
             Slain by a hobgoblin (4 damage)
             ... on level 2 of the Dungeon.
             The game lasted 00:02:45 (1112 turns).

nothank2 the Magician (Mummy Hedge Wizard)          Turns: 1112, Time: 00:02:45

Health: 0/19       AC:  2    Str: 13    XL:     2   Next: 75%
Magic:  0/7        EV: 12    Int: 13    God:
Gold:   60         SH:  0    Dex: 11    Spells: 9/10 levels left

rFire    x . .     SeeInvis .   a - +0 dagger
rCold    + . .     Faith    .   (no shield)
rNeg     + + +     Spirit   .   b - +0 robe
rPois    ∞         Reflect  .   c - +0 hat
rElec    .         Harm     .   (no cloak)
rCorr    .         Rampage  .   (no gloves)
Will     .....                  (no boots)
Stlth    ++........             (no amulet)
HPRegen  0.06/turn              (no ring)
MPRegen  0.10/turn              (no ring)

@: very slightly contaminated
A: no potions, fire vulnerability, cold resistance 1, negative energy resistance
3, torment resistance, unbreathing
a: no special abilities


You were on level 2 of the Dungeon.
You visited 1 branch of the dungeon, and saw 2 of its levels.

You collected 60 gold pieces.

Inventory:

Hand Weapons
 a - a +0 dagger (weapon)
Armour
 b - a +0 robe (worn)
 c - a +0 hat (worn)
Scrolls
 d - a scroll of immolation {unknown}
 e - a scroll of enchant weapon {unknown}
 f - a scroll of teleportation {unknown}
 g - a scroll of random uselessness {unknown}


   Skills:
 - Level 1.5 Dodging
 - Level 1.6 Stealth
 + Level 4.9 Spellcasting
 + Level 1.1 Conjurations
 + Level 0.8 Summonings
 + Level 0.8 Translocations


You had 9 spell levels left.
You knew the following spells:

 Your Spells              Type           Power        Failure   Level
a - Magic Dart            Conj           24%          12%         1

Your spell library contained the following spells:

 Spells                   Type           Power        Failure   Level
 Blink                    Tloc           N/A          21%         2
 Call Imp                 Summ           5%           21%         2
 Slow                     Hex            3%           28%         2
 Conjure Flame            Conj/Fire      4%           41%         3
 Mephitic Cloud           Conj/Pois/Air  4%           43%         3


Dungeon Overview and Level Annotations

Branches:
Dungeon (2/15)

Altars:

Annotations:
D:2 Robin


Innate Abilities, Weirdness & Mutations

You do not drink.
Your flesh is vulnerable to fire.
You are immune to poison.
Your flesh is cold resistant. (rC+)
You are immune to negative energy. (rN+++)
You are immune to unholy pain and torment.
You can survive without breathing.


Message History

You hit the hobgoblin but do no damage.
The hobgoblin is heavily wounded.
The bat barely misses you. The hobgoblin barely misses you.
You hit the hobgoblin but do no damage.
The hobgoblin is moderately wounded.
The bat hits you but does no damage. The hobgoblin misses you.
Aiming: Magic Dart (safe; 12% risk of failure)
Press: ? - help, Q - select action Shift-Dir - straight line, f - hobgoblin
Aim: a hobgoblin (moderately wounded, 0% to evade)
You miscast Magic Dart.
You are very lightly contaminated with residual magic.
Nothing appears to happen.
The bat hits you but does no damage. The hobgoblin hits you.
* * * LOW HITPOINT WARNING * * *
You don't have enough magic to cast that spell.
You don't have enough magic to cast that spell.
You closely miss the hobgoblin.
The hobgoblin is moderately wounded.
The bat hits you but does no damage. The hobgoblin hits you.
You die...

......# ......#
......# ......#
##....#.#
#.......#
#†b......
#@g#.....
#........
###.###..##....
.........####..
#.#..##........
#. #........ ..
#.####### ..
#.# # #.#


You could see a hobgoblin and a bat.

Vanquished Creatures
  A dart slug (D:1)
  5 bats
  5 goblins
  2 jackals (D:1)
  A frilled lizard (D:1)
  2 kobolds
  5 rats (D:1)
21 creatures vanquished.

Notes
Turn   | Place    | Note
-------+----------+-------------------------------------------
     0 | D:1      | nothank2 the Mummy Hedge Wizard began the quest for the
                  | Orb.
     0 | D:1      | Reached XP level 1. HP: 13/13 MP: 5/5
   387 | D:1      | Reached XP level 2. HP: 19/19 MP: 3/7
   991 | D:2      | Reached skill level 1 in Conjurations
  1070 | D:2      | Noticed Robin
  1112 | D:2      | Slain by a hobgoblin

Illustrated notes

Levels and vault maps discovered:
D:1:      lightli_arrival_chessboard, layout_rooms
D:2:      layout_loops_cross, kennysheep_generic_room_7,
          uniq_crazy_yiuf_cottage, uniq_robin

Skill      XL: |  1  2 |
---------------+-------+-----
Conjurations   | 1 |  1.1
Dodging        | |  1.5
Stealth        | |  1.6
Spellcasting   | |  4.9
Summonings     | |  0.8
Translocations | |  0.8

Action                   || total
-------------------------++-------
Melee: Dagger            ||    20
 Cast: Magic Dart        ||    47
Armor: Robe              ||    15
Dodge: Dodged            ||    23
